 Dungeon Crawl Stone Soup version 0.29.1-15-g9cfb28693d (webtiles) character file.

Game seed: 7856730280692328721

95 KittyFluff the Cudgeller (level 4, 0/43 HPs)
             Began as a Gargoyle Berserker on Apr 28, 2023.
             Was a Believer of Trog.
             Slain by an orc
             ... wielding a +0 war axe
              (6 damage)
             ... on level 2 of the Dungeon on May 3, 2023.
             The game lasted 00:10:08 (2174 turns).

KittyFluff the Cudgeller (Gargoyle Berserker)       Turns: 2174, Time: 00:10:08

Health: 0/43       AC:  6    Str: 21    XL:     4   Next: 65%
Magic:  4/4        EV: 11    Int:  7    God:    Trog [**....]
Gold:   88         SH:  0    Dex: 11    Spells: 3/3 levels left

rFire   . . .      SeeInvis +   a - +0 mace
rCold   . . .      Faith    .   (no shield)
rNeg    + . .      Spirit   .   g - +0 leather armour
rPois   ∞          Reflect  .   (no helmet)
rElec   +          Harm     .   (no cloak)
rCorr   .          Rampage  .   (no gloves)
Will    .....                   (no boots)
Stlth   ..........              (no amulet)
HPRegen 0.14/turn               o - ring of see invisible
MPRegen 0.09/turn               (no ring)

@: berserking, very quick
A: sickness immunity, AC +3, negative energy resistance 1, electricity
resistance, torment resistance 1, petrification resistance
a: Renounce Religion, Berserk, Trog's Hand


You were on level 2 of the Dungeon.
You worshipped Trog.
Trog was pleased with you.
You visited 1 branch of the dungeon, and saw 3 of its levels.

You collected 88 gold pieces.

Inventory:

Hand Weapons
 a - a +0 mace (weapon)
Missiles
 i - 4 javelins (quivered)
Armour
 g - a +0 leather armour (worn)
Jewellery
 o - a ring of see invisible (left hand)
Scrolls
 b - a scroll of noise {unknown}
 d - 3 scrolls of teleportation {unknown}
 e - a scroll of poison {unknown}
 n - a scroll of fear {unknown}
Potions
 c - a potion of might
 j - a potion of cancellation
 k - 3 potions of curing
 l - a potion of attraction {unknown}
 m - a potion of degeneration {unknown}


   Skills:
 + Level 3.9 Fighting
 * Level 4.5 Maces & Flails
 + Level 2.3 Armour
 + Level 2.0 Dodging


You had 3 spell levels left.
You didn't know any spells.
Your spell library was empty.

Dungeon Overview and Level Annotations

Branches:
Dungeon (3/15)

Altars:


Innate Abilities, Weirdness & Mutations

You are immune to sickness and miasma.
Your stone body is resilient. (AC +3)
You are immune to poison.
You resist negative energy. (rN+)
You are resistant to electric shocks. (rElec)
You are resistant to unholy torment.
You are immune to petrification.


Message History

You hit the orc priest.
The orc priest is heavily wounded.
The orc barely misses you.
The orc priest hits you but does no damage.
You barely miss the orc priest.
The orc priest is heavily wounded.
The orc closely misses you. The orc priest closely misses you.
You hit the orc priest.
The orc priest is severely wounded.
The orc hits you with a +0 war axe. The orc priest hits you with a +0 whip.
You closely miss the orc priest.
The orc priest is severely wounded.
The orc barely misses you. The orc priest hits you with a +0 whip.
You closely miss the orc priest.
The orc priest is severely wounded.
The orc barely misses you. The orc priest hits you with a +0 whip.
The orc misses you.
The orc priest hits you but does no damage.
You hit the orc priest.
The orc priest is almost dead.
The orc hits you with a +0 war axe. The orc priest closely misses you.
You closely miss the orc priest.
The orc priest is almost dead.
The orc barely misses you. The orc priest closely misses you.
You closely miss the orc priest.
The orc priest is almost dead.
The orc misses you.
The orc priest hits you but does no damage.
You hit the orc priest.
You kill the orc priest!
Trog accepts your kill. The orc closely misses you.
Your Dodging skill increases to level 2!
You hit the orc but do no damage. The orc hits you with a +0 war axe.
* * * LOW HITPOINT WARNING * * *
The orc hits you but does no damage.
A red film seems to cover your vision as you go berserk!
You feel yourself moving faster!
You feel mighty! The orc hits you with a +0 war axe.
You die...

#.########.# ###### #.##... ..#
#(.... #.##.#####.# #.####
#..........############# #.# #
#.##.#####.............# #.# #
#.##.# #.###########.# #.# #
#.#..# #.# #.# #.# #
###.#.######.##### #.# #.# #
...............o@# #.# #.# #
###.#.######.###)# #.# #.# #
###.#.# #.# #.# #.# #.# # ..... #
#.# #.# #.# #.# # ###.######
#.###.#######.# #.# # .........#
#.##..........###.####
.........###.##..................
.................####..##########
.................# #..# #


You could see an orc.

Vanquished Creatures
  An orc priest (D:2)
  An adder (D:2)
  4 dart slugs
  3 endoplasms (D:2)
  3 giant cockroaches (D:1)
  5 goblins
  3 hobgoblins
  2 jackals (D:1)
  5 kobolds
  2 quokkas (D:2)
  6 ball pythons
  5 bats
  3 frilled lizards (D:1)
  A rat (D:1)
44 creatures vanquished.

Vanquished Creatures (others)
  106 plants (D:1)
106 creatures vanquished.

Grand Total: 150 creatures vanquished

Notes
Turn   | Place    | Note
-------+----------+-------------------------------------------
     0 | D:1      | KittyFluff the Gargoyle Berserker began the quest for the
                  | Orb.
     0 | D:1      | Reached XP level 1. HP: 14/14 MP: 1/1
   130 | D:1      | You fall into a shaft and drop 1 floor!
   139 | D:2      | Reached XP level 2. HP: 5/20 MP: 2/2
   667 | D:1      | Found a faded altar of an unknown god.
   742 | D:1      | Reached XP level 3. HP: 20/24 MP: 3/3
   892 | D:1      | Reached ** piety under Trog
   924 | D:1      | Reached skill level 4 in Maces & Flails
  1444 | D:2      | Reached XP level 4. HP: 25/29 MP: 4/4
  2174 | D:2      | Slain by an orc

Illustrated notes

Levels and vault maps discovered:
D:1:      roderic_crop_circles_arrival_small, layout_loops_cross,
          nicolae_ecumenical_snake_handling
D:2:      layout_basic
D:3:      layout_loops_corners, portal_sewer_entry_e

Skill      XL: |  1  2  3  4 |
---------------+-------------+-----
Maces & Flails | 4 |  4.5
Dodging        | 2 |  2.0
Fighting       | |  3.9
Armour         | |  2.3

Action                   |  1- 3 |  4- 6 || total
-------------------------+-------+-------++-------
Melee: Mace              |   119 |    32 ||   151
       Punch             |     2 |       ||     2
  Use: Scroll            |       |     4 ||     4
       Potion            |       |     1 ||     1
Armor: Animal skin       |    15 |       ||    15
       Leather armour    |    38 |    13 ||    51
Dodge: Dodged            |    79 |    24 ||   103
